 Dungeon Crawl Stone Soup version 0.27.0-1-g7a089689b8 (webtiles) character file.

Game seed: 16105995798184645140

4094 shadowrider38 the Severer (level 10, 0/78 HPs)
             Began as a Minotaur Berserker on Aug 1, 2021.
             Was an Elder of Trog.
             Slain by a centaur (4 damage)
             ... on level 10 of the Dungeon.
             The game lasted 00:18:47 (8898 turns).

shadowrider38 the Severer (Minotaur Berserker)      Turns: 8898, Time: 00:18:48

Health: 0/78       AC: 13    Str: 25    XL:     10   Next: 5%
Magic:  9/9        EV:  7    Int:  4    God:    Trog [****..]
Gold:   366        SH:  9    Dex: 10    Spells: 9/9 levels left

rFire    . . .     SeeInvis +   a - +0 hand axe
rCold    . . .     Faith    .   s - +0 buckler
rNeg     . . .     Spirit   .   E - +0 plate armour
rPois    .         Reflect  +   (helmet restricted)
rElec    .         Harm     .   (no cloak)
rCorr    .         Rampage  .   (no gloves)
Will     .....                  e - +0 pair of boots
Stlth    ..........             w - amulet of reflection
HPRegen  0.23/turn              d - ring of flight
MPRegen  0.11/turn              f - ring of see invisible

@: lethally poisoned (0 -> -11), about to teleport, flying, studying Maces &
Flails
A: horns 2, retaliatory headbutt
a: Renounce Religion, Berserk, Trog's Hand, Brothers in Arms


You were on level 10 of the Dungeon.
You worshipped Trog.
Trog was greatly pleased with you.
You visited 1 branch of the dungeon, and saw 10 of its levels.

You collected 415 gold pieces.
You spent 49 gold pieces at shops.

Inventory:

Hand Weapons
 a - a +0 hand axe (weapon)
 o - a +2 short sword of protection
 p - a +2 mace of holy wrath
Missiles
 A - 3 throwing nets (quivered)
Armour
 e - a +0 pair of boots (worn)
 s - a +0 buckler (worn)
 y - +0 steam dragon scales
 E - a +0 plate armour (worn)
Jewellery
 d - a ring of flight (left hand)
 f - a ring of see invisible (right hand)
 w - an amulet of reflection (around neck)
 B - an amulet of magic regeneration
Wands
 n - a wand of digging (5)
 u - a wand of polymorph (8)
 G - a wand of iceblast (11)
Scrolls
 g - 5 scrolls of identify
 i - a scroll of blinking {unknown}
 k - a scroll of enchant armour {unknown}
 r - 2 scrolls of teleportation
 v - a scroll of acquirement {unknown}
 C - a scroll of amnesia {unknown}
 D - 2 scrolls of noise {unknown}
 F - a scroll of fear {unknown}
Potions
 b - 3 potions of curing {unknown}
 c - a potion of heal wounds
 h - 2 potions of flight {unknown}
 j - 2 potions of might {unknown}
 l - 3 potions of invisibility {unknown}
 m - 2 potions of lignification {unknown}
 q - a potion of cancellation {unknown}
 t - a potion of haste {unknown}
 x - a potion of mutation {unknown}
 z - a potion of magic
 H - a potion of ambrosia {unknown}


   Skills:
 - Level 3.9 Fighting
 - Level 15.2 Axes
 * Level 5.8 Armour
 - Level 2.3 Dodging
 - Level 4.2 Shields


You had 9 spell levels left.
You didn't know any spells.
Your spell library was empty.

Dungeon Overview and Level Annotations

Branches:
Dungeon (10/15)            Temple (0/1) D:6            Lair (0/6) D:8
    Orc: D:9-12

Altars:
Ashenzari
Elyvilon
Fedhas
Hepliaklqana
Nemelex Xobeh
Okawaru
Trog
Uskayaw
Vehumet
Yredelemnul
Zin
The Shining One

Shops:
D:1 ![(:   D:4 *   D:7 *

Annotations:
D:3 1 runed translucent door, Crazy Yiuf


Innate Abilities, Weirdness & Mutations

You have a pair of horns on your head.
You reflexively headbutt those who attack you in melee.


Message History

* * * LOW HITPOINT WARNING * * *
You feel sick.
The orc shouts!
The orc priest shouts!
You hear a shout!
Found 8 stones.
There is a stone staircase leading up here.
You feel much better.
You feel very sick. The killer bee barely misses you. You furiously retaliate!
You headbutt the killer bee!
You kill the killer bee!
Trog accepts your kill. You block the killer bee's attack.
The centaur hits you but does no damage.
You block the centaur's attack. The killer bee stings you.
You are more poisoned.
The killer bee poisons you! The yak barely misses you. You furiously retaliate!
You headbutt the yak! The centaur completely misses you.
The centaur barely misses you.
An orc wizard comes into view. It is wielding a +0 dagger.
As you read the scroll labelled GAULOW WUOLY, it crumbles to dust.
It is a scroll of identify.
z - a potion of magic You feel very sick.
You block the killer bee's attack. You block the centaur's attack.
The centaur closely misses you.
The killer bee stings you but does no damage.
The yak gores you but does no damage.
As you read the scroll labelled JECUWA MEROOLE, it crumbles to dust.
You feel strangely unstable.
It was a scroll of teleportation.
You feel very sick. The killer bee stings you.
* * * LOW HITPOINT WARNING * * *
The centaur hits you but does no damage.
You block the centaur's attack.
The killer bee stings you but does no damage.
The orc priest calls down the wrath of Beogh upon you.
Beogh smites you!
* * * LOW HITPOINT WARNING * * *
You block the yak's attack. The centaur hits you.
You die...

# #.# #... #
####..###(##.##
......Y@c......
.......y†.##...
.#######o.# ..#
... ...o .###.
.# ..


You could see a yak, a centaur, a killer bee, an orc priest and an orc.

Vanquished Creatures
  A two-headed ogre (D:5)
  Maggie (D:6)
  Prince Ribbit (D:7)
  3 yaks
  2 water moccasins
  An orc warrior (D:8)
  A sky beast (D:6)
  Duvessa (D:5)
  2 black bears (D:4)
  An ogre (D:7)
  2 necrophages
  A centaur (D:7)
  A bullfrog (D:8)
  Dowan (D:5)
  3 scorpions
  4 jellies
  7 killer bees
  A howler monkey (D:8)
  2 bullfrog zombies (D:6)
  2 centaur zombies
  4 hounds
  Ijyb (D:3)
  A gnoll shaman (D:7)
  Jessica (D:2)
  2 iguanas
  Natasha (twice) (D:3)
  4 orc wizards
  A killer bee zombie (D:8)
  A howler monkey skeleton (D:7)
  5 gnolls (D:7)
  7 adders
  An ufetubus (D:5)
  A worm (D:5)
  3 dart slugs
  16 orcs
  9 ball pythons
  6 endoplasms
  A giant cockroach (D:2)
  10 goblins
  8 hobgoblins
  8 jackals
  6 kobolds
  2 quokkas
  9 bats
  7 frilled lizards
  9 rats
163 creatures vanquished.

Vanquished Creatures (others)
  3 plants (D:3)
3 creatures vanquished.

Grand Total: 166 creatures vanquished

Notes
Turn   | Place    | Note
-------+----------+-------------------------------------------
     0 | D:1      | shadowrider38 the Minotaur Berserker began the quest for
                  | the Orb.
     0 | D:1      | Reached XP level 1. HP: 19/19 MP: 0/0
    37 | D:1      | Found a faded altar of an unknown god.
    73 | D:1      | Found Yleogecu's Book Shop.
    84 | D:1      | Reached XP level 2. HP: 27/27 MP: 1/1
    86 | D:1      | Reached skill level 4 in Axes
   545 | D:1      | Reached ** piety under Trog
   567 | D:1      | Reached XP level 3. HP: 19/33 MP: 2/2
   754 | D:1      | Found Qiull's Distillery.
   831 | D:1      | Found Cagh's Armour Shop.
   835 | D:1      | Bought a +0 pair of boots for 49 gold pieces
   979 | D:1      | Reached skill level 5 in Axes
  1106 | D:1      | Found Olablean's Weapon Emporium.
  1504 | D:2      | Noticed Jessica
  1803 | D:2      | Killed Jessica
  1804 | D:2      | Reached XP level 4. HP: 40/40 MP: 3/3
  1863 | D:2      | Reached skill level 6 in Axes
  2848 | D:3      | Found a broken altar of Ashenzari.
  2918 | D:3      | Reached *** piety under Trog
  2954 | D:3      | Noticed Natasha
  2971 | D:3      | Killed Natasha
  2972 | D:3      | Reached XP level 5. HP: 46/46 MP: 4/4
  3018 | D:3      | Found a runed translucent door.
  3019 | D:3      | Noticed Crazy Yiuf
  3154 | D:3      | Noticed Natasha
  3165 | D:3      | Killed Natasha
  3166 | D:3      | Reached skill level 7 in Axes
  3390 | D:3      | Noticed Ijyb
  3403 | D:3      | Killed Ijyb
  3905 | D:4      | Found a radiant altar of Vehumet.
  4005 | D:4      | Found a hide-covered altar of Uskayaw.
  4046 | D:4      | Reached skill level 8 in Axes
  4046 | D:4      | Reached XP level 6. HP: 32/52 MP: 5/5
  4526 | D:4      | Found Riussik's General Store.
  4540 | D:4      | Reached skill level 9 in Axes
  4817 | D:5      | Entered Level 5 of the Dungeon
  4825 | D:5      | Reached XP level 7. HP: 57/58 MP: 6/6
  4924 | D:5      | Reached skill level 10 in Axes
  5110 | D:5      | Noticed a two-headed ogre
  5117 | D:5      | Killed a two-headed ogre
  5118 | D:5      | Reached skill level 12 in Axes
  5118 | D:5      | Reached skill level 1 in Shields
  5118 | D:5      | Reached XP level 8. HP: 66/66 MP: 7/7
  5247 | D:5      | Noticed Duvessa
  5247 | D:5      | Noticed Dowan
  5257 | D:5      | Killed Duvessa
  5260 | D:5      | Killed Dowan
  5853 | D:6      | Reached skill level 13 in Axes
  6024 | D:6      | Found a staircase to the Ecumenical Temple.
  6163 | D:6      | Found a basalt altar of Yredelemnul.
  6217 | D:6      | Noticed Maggie
  6243 | D:6      | Killed Maggie
  6243 | D:6      | Reached **** piety under Trog
  6244 | D:6      | Reached XP level 9. HP: 71/71 MP: 8/8
  6398 | D:6      | Reached skill level 14 in Axes
  6549 | D:6      | Found an iron altar of Okawaru.
  6557 | D:6      | Found a sparkling altar of Nemelex Xobeh.
  6567 | D:6      | Found a glowing golden altar of the Shining One.
  6574 | D:6      | Found a bloodstained altar of Trog.
  6579 | D:6      | Found a glowing silver altar of Zin.
  6590 | D:6      | Found a hazy altar of Hepliaklqana.
  6597 | D:6      | Found a blossoming altar of Fedhas.
  6651 | D:6      | Found a white marble altar of Elyvilon.
  7785 | D:7      | Reached skill level 15 in Axes
  7824 | D:7      | Found Gaaddai's Serpentskin Sales.
  7824 | D:7      | Noticed Prince Ribbit
  7835 | D:7      | Killed Prince Ribbit
  8497 | D:8      | Reached skill level 5 in Armour
  8523 | D:9      | Reached XP level 10. HP: 35/78 MP: 9/9
  8774 | D:8      | Found a staircase to the Lair.
  8895 | D:10     | Entered Level 10 of the Dungeon
  8898 | D:10     | Slain by a centaur

Illustrated notes

Levels and vault maps discovered:
D:1:      psy_arrival_basics, layout_basic, serial_shops, shop, shop, shop,
          nicolae_shop_crystal, hellmonk_ecumenical_altar_heavens_door
D:2:      minmay_angry_zag, layout_basic, minmay_small_reverse_x, uniq_jessica
D:3:      layout_loops_ring, lemuel_doored_altar, serial_bayou_lagoon_a,
          uniq_crazy_yiuf_cottage, uniq_natasha, uniq_ijyb
D:4:      layout_gridville, vehumet_crystals, mainiacjoe_overflow_tiny_flanked,
          serial_shops, shop
D:5:      layout_loops_cross, uniq_duvessa
D:6:      layout_rooms, kennysheep_ying_yang, grunt_temple_overflow_octagram,
          minmay_temple_entry_wispy, uniq_maggie
D:7:      layout_loops_ring, serial_aquarium, aquarium_bridge_island_small
          [aquarium_subvault_small_open, aquarium_subvault_bridge,
          aquarium_subvault_bridge, aquarium_subvault_bridge,
          aquarium_subvault_balcony], aquarium_window_corner, aquarium_window_2,
          aquarium_window_fake, aquarium_view_2b, aquarium_view_2c,
          aquarium_pool_2, guppyfry_shop_venom, uniq_prince_ribbit1
D:8:      layout_basic, lair_entry_dummy
D:9:      layout_basic, nicolae_evil_shop, uniq_psyche
D:10:     cheibrodos_iron_armory, layout_loops_ring, mainiacjoe_overflow_paths,
          enter_bailey_1, serial_shops, nicolae_shop_trees,
          minmay_tree_intersection, minmay_misc_feat_five

Skill      XL: |  1  2  3  4  5  6  7  8  9 |
---------------+----------------------------+-----
Axes           | 4 5 6 8 9 12 13 15 | 15.2
Shields        | 1 2 4 |  4.2
Armour         | 5 |  5.8
Fighting       | |  3.9
Dodging        | |  2.3

Action                   |  1- 3 |  4- 6 |  7- 9 | 10-12 || total
-------------------------+-------+-------+-------+-------++-------
Melee: Hand axe          |    83 |   114 |   288 |    23 ||   508
       Headbutt          |     8 |    19 |    63 |     4 ||    94
       Unarmed           |       |       |     3 |       ||     3
Invok: Berserk           |     3 |     5 |     9 |     1 ||    18
       Brothers in Arms  |       |       |       |     1 ||     1
  Use: Potion            |       |       |       |     4 ||     4
       Scroll            |       |       |       |     2 ||     2
Armor: Animal skin       |    17 |       |       |       ||    17
       Ring mail         |    10 |    32 |    16 |       ||    58
       Chain mail        |       |       |    49 |       ||    49
       Skin              |       |       |     1 |       ||     1
       Plate armour      |       |       |    14 |    53 ||    67
Dodge: Dodged            |    52 |    55 |    71 |    48 ||   226
Block: Buckler           |       |       |    70 |    68 ||   138
       Reflection        |       |       |     4 |       ||     4
